 Dungeon Crawl Stone Soup version 0.31-a0-1068-g5939ac1fb6 (webtiles) character file.

Game seed: 13579860835620401385

9 Maratek the Trooper (level 2, 24/24 HPs)
             Began as a Demonspawn Fighter on Nov 24, 2023.
             Quit the game on level 1 of the Dungeon.
             The game lasted 00:00:16 (218 turns).

Maratek the Trooper (Demonspawn Fighter)             Turns: 218, Time: 00:00:16

Health: 24/24      AC:  6    Str: 16    XL:     2   Next: 3%
Magic:  2/2        EV:  8    Int:  9    God:
Gold:   8          SH:  4    Dex: 12    Spells: 1/1 levels left

rFire   . . .        a - +0 long sword
rCold   . . .        c - +0 buckler
rNeg    . . .        b - +0 scale mail
rPois   .            (no helmet)
rElec   .            (no cloak)
rCorr   .            (no gloves)
SInv    .            (no boots)
Will    .....        (no amulet) Stlth
                     (no ring)
HPRegen 0.24/turn    (no ring)
MPRegen 0.08/turn

%: no passive effects
@: no status effects
A: claws 1
a: no special abilities


You were on level 1 of the Dungeon.
You visited 1 branch of the dungeon, and saw 1 of its levels.

You collected 8 gold pieces.

Inventory:

Hand Weapons
 a - a +0 long sword (weapon)
Armour
 b - a +0 scale mail (worn)
 c - a +0 buckler (worn)
Jewellery
 f - an amulet of magic regeneration
Scrolls
 e - a scroll of identify {unknown}
 g - a scroll of blinking {unknown}
Potions
 d - a potion of might


   Skills:
 + Level 3.1 Fighting
 + Level 2.0 Long Blades
 + Level 2.8 Armour
 + Level 2.8 Shields


You had one spell level left.
You didn't know any spells.
Your spell library was empty.

Dungeon Overview and Level Annotations

Branches:
Dungeon (1/15)

Altars:


Innate Abilities, Weirdness & Mutations

You have sharp fingernails.


Message History

A bat comes into view.
The rat bites you but does no damage. The bat hits you but does no damage.
You barely miss the rat. The bat hits you but does no damage.
The rat barely misses you. The rat bites you.
You hit the rat.
The rat is moderately wounded.
The bat hits you but does no damage.
The rat twitches its whiskers.
The rat closely misses you.
You hit the rat.
The rat is severely wounded.
The bat closely misses you. x2; The rat misses you.
You barely miss the rat.
The rat is severely wounded.
The rat bites you but does no damage. The bat hits you but does no damage.
You closely miss the rat.
The rat is severely wounded.
The bat hits you but does no damage. The rat barely misses you.
The rat bites you.
You closely miss the rat.
The rat is moderately wounded.
You block the bat's attack. The rat barely misses you.
You hit the rat but do no damage.
The rat is moderately wounded.
The bat closely misses you. The rat bites you but does no damage.
You closely miss the rat.
The rat is moderately wounded.
You block the bat's attack. The rat barely misses you.
The rat bites you but does no damage.
You slash the rat!
You kill the rat!
The bat closely misses you. The bat barely misses you.
You have reached level 2!
Your demonic ancestry asserts itself...
Your fingernails lengthen.
You hit the bat.
You kill the bat!
No target in view!
No target in view!
Are you sure you want to abandon this character and quit the game? (Confirm with "yes".)

########## #........#
######........#
#.............#
#.............#
#......######## #......#
#......#
##†@....############
.......................#
..>.....................
........##..............
........##...##.........
##+#.....#...##.........
......#...##.........
.......#...##....####.
######.........


There were no monsters in sight!

Vanquished Creatures
  A dart slug (D:1)
  An endoplasm (D:1)
  2 goblins (D:1)
  A bat (D:1)
  2 rats (D:1)
7 creatures vanquished.

Notes
Turn   | Place    | Note
-------+----------+-------------------------------------------
     0 | D:1      | Maratek the Demonspawn Fighter began the quest for the Orb.
     0 | D:1      | Reached XP level 1. HP: 18/18 MP: 1/1
   217 | D:1      | Gained mutation: You have sharp fingernails. [demonic
                  | ancestry]
   217 | D:1      | Reached XP level 2. HP: 24/24 MP: 2/2
   218 | D:1      | Quit the game

Illustrated notes

Levels and vault maps discovered:
D:1:      dpeg_arrival_refuge, layout_basic

Skill      XL: |  1 |
---------------+----+-----
Long Blades    | 2 |  2.0
Fighting       | |  3.1
Armour         | |  2.8
Shields        | |  2.8

Action                     || total
---------------------------++-------
  Melee: Long sword        ||    29
 Armour: Scale mail        ||    24
  Dodge: Dodged            ||    17
  Block: Buckler           ||     3

Table legend: (Time is in decaauts)
 A = Elapsed time spent in this place.
 B = Non-inter-level travel time spent in this place.
 C = Inter-level travel time spent in this place.
 D = Time resting spent in this place.
 E = Time spent auto-exploring this place.
 F = Levels seen in this place.
 G = Mean time per level.
                   A        B        C        D        E       F      G
               +--------+--------+--------+--------+--------+-----+--------+
         Total |    227 |    227 |      0 |      0 |    167 |   1 |  227.0 |
       Dungeon |    227 |    227 |      0 |      0 |    167 |   1 |  227.0 |
               +--------+--------+--------+--------+--------+-----+--------+

Top non-repeatable levels by time:
     D:1: 227 daAuts
